 Dungeon Crawl Stone Soup version 0.31-a0-152-g6aa68a64a1 (webtiles) character file.

Game seed: 1702680293010408339

68 qw the Shooter (level 4, 0/28 HPs)
             Began as a Gargoyle Hunter on June 10, 2023.
             Slain by an orc wizard
             ... wielding a +0 dagger
              (1 damage)
             ... on level 3 of the Dungeon.
             The game lasted 00:00:36 (1458 turns).

qw the Shooter (Gargoyle Hunter)                    Turns: 1458, Time: 00:00:37

Health: 0/28       AC:  6    Str: 20    XL:     4   Next: 19%
Magic:  4/4        EV: 11    Int: 10    God:
Gold:   57         SH:  0    Dex: 15    Spells: 3/3 levels left

rFire   . . .        Y - +0 shortbow
rCold   + . .        (shield currently unavailable)
rNeg    + . .        c - +0 leather armour
rPois   inf          (no helmet)
rElec   +            (no cloak)
rCorr   .            (no gloves)
SInv    .            (no boots)
Will    .....        (no amulet)
Stlth   ++           b - +6 ring of strength
HPRegen 0.24/turn    e - ring of protection from cold
MPRegen 0.09/turn

%: no passive effects
@: no status effects
A: sickness immunity, AC +3, negative energy resistance 1, electricity
resistance, torment resistance 1, petrification resistance
a: no special abilities


You were on level 3 of the Dungeon.
You visited 1 branch of the dungeon, and saw 3 of its levels.

You collected 57 gold pieces.


Innate Abilities, Weirdness & Mutations

You are immune to sickness and miasma.
Your stone body is resilient. (AC +3)
You are immune to poison.
You resist negative energy. (rN+)
You are resistant to electric shocks. (rElec)
You are resistant to unholy torment.
You are immune to petrification.


   Skills:
 - Level 3.0 Fighting
 + Level 5.2 Ranged Weapons
 - Level 1.5 Dodging
 - Level 1.1 Stealth


You had 3 spell levels left.
You didn't know any spells.
Your spell library was empty.

Inventory:

Hand Weapons
 Y - a +0 shortbow (weapon)
Armour
 c - a +0 leather armour (worn)
Jewellery
 b - a +6 ring of strength (left hand)
 e - a ring of protection from cold (right hand)
Potions
 a - a potion of degeneration {unknown}

Dungeon Overview and Level Annotations

Branches:
Dungeon (3/15)

Altars:


Message History

1439 ||| FLEEEEING.
Something hits you but does no damage.
1440 ||| FLEEEEING.
Something hits you but does no damage.
You shoot an arrow. The arrow barely misses the orc.
You hear some strange, mumbled words.
You are confused.
Something hits you but does no damage. The orc barely misses you.
Something hits you but does no damage. Something hits you.
The orc barely misses you. The orc hits you with a +0 mace. Something hits you.
You hear some strange, mumbled words.
You are more confused.
The orc hits you with a +0 mace. Something hits you but does no damage.
The orc barely misses you. The orc hits you with a +0 mace.
Something hits you but does no damage. Something hits you but does no damage.
The orc barely misses you. The orc hits you with a +0 mace. Something hits you.
You hear some strange, mumbled words.
A magic dart appears from out of thin air!
The magic dart hits you. The orc barely misses you.
Something hits you but does no damage. The orc closely misses you.
The orc hits you but does no damage. Something hits you but does no damage.
Something hits you but does no damage. The orc hits you with a +0 mace.
The orc barely misses you. Something hits you but does no damage.
You feel less confused. Something hits you but does no damage.
The orc hits you but does no damage.
You shoot an arrow. The arrow hits the orc.
The orc is severely wounded.
Something hits you but does no damage. The orc hits you with a +0 mace.
You shoot an arrow. The arrow hits the orc.
The orc is almost dead.
An orc wizard appears from thin air!
Reactivating autopickup.
The orc closely misses you.
The orc wizard gestures wildly while chanting.
The orc wizard flickers and vanishes!
Deactivating autopickup; reactivate with Ctrl-A.
You shoot an arrow. The arrow hits the orc.
You kill the orc!
Something hits you.
You die...

o#%## ).. ####+###.#
#........# #........#
####........# .
#..)........# ..
#.##..{)....# #..
#.##..@....## #..
####.##.......#
###..##....###+######
..................
#####.#.####......
......>...<#......
#######...........
######.###.# .# #


There were no monsters in sight!

Vanquished Creatures
  An adder (D:2)
  2 worms
  2 dart slugs
  3 orcs (D:3)
  4 endoplasms
  A giant cockroach (D:3)
  4 goblins
  4 hobgoblins (D:2)
  4 jackals (D:1)
  2 quokkas
  5 ball pythons
  7 bats
  A frilled lizard (D:2)
  4 kobolds
44 creatures vanquished.

Notes
Turn   | Place    | Note
-------+----------+-------------------------------------------
     0 | D:1      | qw the Gargoyle Hunter began the quest for the Orb.
     0 | D:1      | Reached XP level 1. HP: 12/12 MP: 1/1
     0 | D:1      | 0 ||| qw: Version: 0.2-a-29-g767f381
     0 | D:1      | 0 ||| qw: Game counter: 3864
     0 | D:1      | 0 ||| qw: Always use a shield: true
     0 | D:1      | 0 ||| qw: God list: Okawaru
     0 | D:1      | 0 ||| qw: Allow faded altars: false
     0 | D:1      | 0 ||| qw: Do Orc after D:15 true
     0 | D:1      | 0 ||| qw: Do second Lair branch before Depths: true
     0 | D:1      | 0 ||| qw: Lair rune preference: random
     0 | D:1      | 0 ||| qw: Plans: Normal, Zot:1-4, Slime:5, God:TSO, Crypt,
                  | Tomb, Abyss, Pan, Hells, Win
     0 | D:1      | 0 ||| PLANNING D:1-11
   196 | D:1      | Reached XP level 2. HP: 17/17 MP: 2/2
   691 | D:1      | 691 ||| DROPPING ring of wizardry.
   692 | D:1      | 692 ||| READING scroll labelled WONATZ ECONAS.
   693 | D:1      | 693 ||| READING scroll labelled USIOHOIMYCAPN.
   697 | D:1      | 697 ||| DROPPING scroll of butterflies.
   710 | D:2      | 710 ||| STAIRDANCE
   714 | D:2      | 714 ||| STAIRDANCE
   718 | D:2      | 718 ||| STAIRDANCE
   722 | D:2      | 722 ||| STAIRDANCE
   726 | D:2      | 726 ||| STAIRDANCE
   730 | D:2      | 730 ||| STAIRDANCE
   734 | D:2      | 734 ||| STAIRDANCE
   738 | D:2      | 738 ||| STAIRDANCE
   742 | D:2      | 742 ||| STAIRDANCE
   746 | D:2      | 746 ||| STAIRDANCE
   750 | D:2      | 750 ||| STAIRDANCE
   754 | D:2      | 754 ||| STAIRDANCE
   758 | D:2      | 758 ||| STAIRDANCE
   762 | D:2      | 762 ||| STAIRDANCE
   766 | D:2      | 766 ||| STAIRDANCE
   770 | D:2      | 770 ||| STAIRDANCE
   774 | D:2      | 774 ||| STAIRDANCE
   778 | D:2      | 778 ||| STAIRDANCE
   782 | D:2      | 782 ||| STAIRDANCE
   786 | D:2      | 786 ||| STAIRDANCE
   832 | D:2      | Reached skill level 5 in Ranged Weapons
   832 | D:2      | Reached XP level 3. HP: 15/21 MP: 3/3
  1187 | D:2      | Reached skill level 3 in Fighting
  1387 | D:2      | 1387 ||| UPGRADING to +6 ring of strength.
  1388 | D:2      | 1388 ||| UPGRADING to ring of protection from cold.
  1389 | D:2      | 1389 ||| READING scroll labelled MEGINE MIROD.
  1411 | D:3      | Reached XP level 4. HP: 28/28 MP: 4/4
  1436 | D:3      | 1436 ||| FLEEEEING.
  1438 | D:3      | 1438 ||| FLEEEEING.
  1439 | D:3      | 1439 ||| FLEEEEING.
  1440 | D:3      | 1440 ||| FLEEEEING.
  1450 | D:3      | HP: 4/28 [something/magic dart (4)]
  1456 | D:3      | HP: 1/28 [orc/+0 mace (2)]
  1458 | D:3      | Slain by an orc wizard

Levels and vault maps discovered:
D:1:      spicycebolla_arrival_ecumenical, layout_basic
D:2:      minmay_skewed_foursquare, layout_basic
D:3:      layout_basic

Skill      XL: |  1  2  3 |
---------------+----------+-----
Ranged Weapons | 5 |  5.2
Fighting       | 3 |  3.0
Dodging        | |  1.5
Stealth        | |  1.1

Action                     |  1- 3 |  4- 6 || total
---------------------------+-------+-------++-------
   Fire: Shortbow          |    83 |    15 ||    98
    Use: Scroll            |     3 |       ||     3
 Armour: Leather armour    |    19 |    16 ||    35
  Dodge: Dodged            |    27 |     8 ||    35

Table legend:
 A = Non-vault XP
 B = Vault XP
 C = Vault XP percentage of total XP
 D = Non-vault monster count
 E = Vault monster count
 F = Vault count percentage of total count
                 A         B        C        D         E       F
            +---------+---------+-------+---------+---------+-------
      Total |      90 |      11 |  10.9 |      38 |       6 |  13.6
            +---------+---------+-------+---------+---------+-------
        D:1 |      24 |       0 |   0.0 |      14 |       0 |   0.0
        D:2 |      43 |      11 |  20.4 |      16 |       6 |  27.3
        D:3 |      23 |       0 |   0.0 |       8 |       0 |   0.0
            +---------+---------+-------+---------+---------+-------
